AoeStats
← [ Wildpigs ] PaPi

Arabia

510478792Analyzed
3v3 RM · 1d ago on Oct 1, 2026· 45m 11s· 6 players
Game mode
Random Map
Map size
Normal (6 player)
Population
200
Speed
Normal
Resources
Standard
Victory
Conquest
Starting age
Dark Age
Ending age
Imperial Age
RankedLock teamsTeams togetherTeam positionsShared explorationLock speedFull tech treeHidden civsTurbo modeCheats
Victory
Defeat
🇲🇽 Tatars · Mexico
1076
+15
🇩🇪 Franks · Germany
1054
+16
🇲🇽 Goths · Mexico
1047
+16
🇨🇳 Japanese · China
1126
-19
🇦🇷 Teutons · Argentina
1032
-15
🇦🇺 Vikings · Australia
987
-13
Leinad89
9:41 Feudal Age
18:14 Castle Age
17:41 Loom
22:04 Fletching
23:55 Bodkin Arrow
26:36 Padded Archer Armor
27:25 Gold Mining
31:14 Bloodlines
31:05 Husbandry
34:55 Silk Armor
35:34 Gold Shaft Mining
35:56 Wheelbarrow
37:45 Ballistics
41:15 Horse Collar
44:03 Hand Cart
43:37 Town Watch
43:52 Murder Holes
[ Wildpigs ] PaPi
11:29 Feudal Age
14:22 Loom
18:24 Castle Age
17:47 Double-Bit Axe
21:59 Fervor
25:58 Bow Saw
26:49 Scale Mail Armor
29:14 Chain Mail Armor
29:08 Horse Collar
30:21 Heavy Plow
31:29 Forging
32:59 Wheelbarrow
34:01 Hand Cart
33:32 Town Watch
36:42 Imperial Age
36:05 Town Patrol
37:45 Iron Casting
37:22 Anarchy
37:05 Capped Ram
37:46 Gold Mining
38:24 Elite Huskarl
40:02 Crop Rotation
41:00 Blast Furnace
41:28 Perfusion
42:12 Man-at-Arms
43:16 Conscription
43:40 Long Swordsman
44:23 Two-Handed Swordsman
44:53 Champion
DeusMaximus263
8:38 Loom
10:57 Feudal Age
15:37 Castle Age
14:47 Double-Bit Axe
19:15 Scale Barding Armor
19:43 Husbandry
21:55 Forging
25:27 Chain Barding Armor
25:01 Gold Mining
27:34 Wheelbarrow
27:17 Town Watch
29:35 Iron Casting
29:20 Bow Saw
31:35 Hand Cart
32:00 Gold Shaft Mining
36:08 Imperial Age
36:20 Cavalier
37:38 Plate Barding Armor
36:52 Capped Ram
41:01 Stone Mining
45:56 Blast Furnace
Bobo the Brave
11:01 Feudal Age
16:59 Castle Age
16:36 Horse Collar
16:44 Double-Bit Axe
31:10 Imperial Age
30:01 Gold Mining
31:38 Chieftains
32:20 Conscription
31:21 Elite Berserk
32:03 Chieftains
33:02 Gold Shaft Mining
32:31 Squires
32:51 Fortified Wall
33:52 Heavy Plow
34:11 Bow Saw
36:02 Forging
36:06 Scale Mail Armor
39:34 Arson
40:30 Iron Casting
40:10 Chain Mail Armor
6691205
11:32 Feudal Age
12:21 Double-Bit Axe
16:16 Loom
17:00 Bloodlines
17:06 Scale Barding Armor
20:02 Padded Archer Armor
22:32 Castle Age
21:23 Fletching
22:43 Wheelbarrow
23:27 Thumb Ring
elrf9099
8:52 Loom
11:12 Feudal Age
11:12 Man-at-Arms
11:40 Arson
17:19 Fletching
20:12 Wheelbarrow
Connection lost

Rejoining the realm…

Still unreachable

The connection could not be restored.

Session expired

The server has moved on; the page needs a fresh start.